 Dungeon Crawl Stone Soup version 0.19-a0-593-gf2cdb02 (webtiles) character file.

43 pk666 the Chopper (level 3, -3/49 HPs)
             Began as a Minotaur Berserker on June 10, 2016.
             Was a Believer of Trog.
             Slain by a gnoll (9 damage)
             ... on level 2 of the Dungeon.
             The game lasted 00:01:50 (916 turns).

pk666 the Chopper (Minotaur Berserker)               Turns: 916, Time: 00:01:51

Health: -3/49      AC:  2    Str: 27    XL:     3   Next: 37%
Magic:  2/2        EV: 12    Int:  4    God:    Trog [**....]
Gold:   76         SH:  0    Dex:  9    Spells: 0 memorised, 2 levels left

rFire  . . .     SeeInvis .     a - +0 hand axe
rCold  . . .     Gourm    .     b - +0 animal skin
rNeg   . . .     Faith    .     (no shield)
rPois  .         Spirit   .     (helmet restricted)
rElec  .         Dismiss  .     (no cloak)
rCorr  .         Reflect  .     (no gloves)
SustAt .         Harm     .     (no boots)
MR     .....                    (no amulet)
Stlth  ..........               (no ring)
                                (no ring)

@: berserking, very quick, not resistant to hostile enchantments, extremely
unstealthy
A: retaliatory headbutt, horns 2
a: Berserk, Trog's Hand, Burn Spellbooks, Renounce Religion


You were on level 2 of the Dungeon.
You worshipped Trog.
Trog was pleased with you.
You were not hungry.

You visited 1 branch of the dungeon, and saw 2 of its levels.

You collected 76 gold pieces.

Inventory:

Hand Weapons
 a - a +0 hand axe (weapon)
Armour
 b - a +0 animal skin (worn)
Jewellery
 h - an uncursed ring of stealth {unknown}
Scrolls
 f - 2 scrolls of random uselessness {unknown}
 g - 4 scrolls of identify {unknown}
 i - 4 scrolls of recharging {unknown}
 j - a scroll of noise {unknown}
 l - a scroll of magic mapping {unknown}
Potions
 e - a potion of ambrosia {unknown}
Comestibles
 c - a bread ration
 d - a beef jerky
 k - a meat ration


   Skills:
 + Level 4.1 Fighting
 + Level 4.2 Axes
 + Level 3.1 Armour
 + Level 2.7 Dodging


You had 2 spell levels left.
You didn't know any spells.

Dungeon Overview and Level Annotations

Branches:
Dungeon (2/15)

Altars:


Innate Abilities, Weirdness & Mutations

You reflexively headbutt those who attack you in melee.
You have a pair of horns on your head.


Message History

The gnoll is lightly wounded.
You hear a shout!
The gnoll barely misses you. The gnoll misses you. You furiously retaliate!
You headbutt the gnoll.
The gnoll hits you from afar with a spear.
A hobgoblin comes into view. It is wielding a club.
You closely miss the gnoll. You headbutt the gnoll.
The gnoll is almost dead.
You hit the gnoll.
The gnoll is heavily wounded.
The gnoll closely misses you.
The hobgoblin moves out of view.
The gnoll hits you.
The gnoll hits you from afar with a spear!
* * * LOW HITPOINT WARNING * * *
A red film seems to cover your vision as you go berserk!
You feel yourself moving faster!
You feel mighty!
You feel somewhat more hungry. The gnoll hits you with a flail.
* * * LOW HITPOINT WARNING * * *
The gnoll hits you!
You die...

..........#..##.............##..#
.............###..#....#.##.##..#
..................#..........#..#
#.#.########........#..#..#......
#.#.# ####..####..#...###..#
..#.# #..# #..#.#.# #..# #.#.#
#..# #.###..# †.#.# #..#
......... ......# #.@# .#..##..#
..##### #......ggg..... ## #..#
..# #.......#w###.# #..# ..#
#.......#!# #.#..# ..# ##+###...
# #..... ..# #.## #....# ... ..
##...# .. #...# ##..#


You could see 3 gnolls and a dart slug.

Vanquished Creatures
  A gnoll (D:2)
  A dart slug (D:1)
  2 giant geckos (D:1)
  4 bats (D:1)
  3 giant cockroaches
  3 hobgoblins (D:1)
  4 kobolds
  A giant newt (D:1)
  5 goblins (D:1)
  2 rats
26 creatures vanquished.

Notes
Turn   | Place    | Note
--------------------------------------------------------------
     0 | D:1      | pk666 the Minotaur Berserker began the quest for the Orb.
     0 | D:1      | Reached XP level 1. HP: 19/19 MP: 0/0
   166 | D:1      | Reached XP level 2. HP: 27/27 MP: 1/1
   585 | D:1      | Reached ** piety under Trog
   585 | D:1      | Reached XP level 3. HP: 33/33 MP: 2/2
   916 | D:2      | Slain by a gnoll

Vault maps used:
D:1:      onia_arrival_mini_maze, roderic_curled_sauvastika

Skill      XL: |  1  2  3 |
---------------+----------+-----
Fighting       | 4 |  4.1
Axes           | 4 |  4.2
Armour         | 3 |  3.1
Dodging        | |  2.7

Action                   || total
-------------------------++-------
Melee: Hand axe          ||    51
       Headbutt          ||     6
Invok: Berserk           ||     1
Armor: Animal skin       ||     5
Dodge: Dodged            ||    30
